 Dungeon Crawl Stone Soup version 0.30.1 (webtiles) character file.

Game seed: 11299932744210138306

1313 Karasuuu the Chopper (level 8, -4/55 (64) HPs)
             Began as a Gnoll Reaver on July 2, 2023.
             Was an Initiate of Okawaru.
             Engulfed by a steam dragon's steam (6 damage)
             ... on level 5 of the Dungeon on July 5, 2023.
             The game lasted 00:20:56 (5332 turns).

Karasuuu the Chopper (Gnoll Reaver)                 Turns: 5332, Time: 00:20:57

HP:   -4/55 (64)    AC:  8    Str: 14    XL:     8   Next: 58%
MP:   12/17         EV: 13    Int: 13    God:    Okawaru [......]
Gold: 296           SH:  0    Dex: 10    Spells: 9/19 levels left

rFire   . . .        r - +7 executioner's axe (drain)
rCold   . . .        (shield currently unavailable)
rNeg    . . .        y - +2 leather armour {rPois}
rPois   +            n - +2 helmet
rElec   .            (no cloak)
rCorr   .            (no gloves)
SInv    .            (no boots)
Will    .....        (no amulet)
Stlth   ++           (no ring)
HPRegen 0.29/turn    (no ring)
MPRegen 0.15/turn

%: no passive effects
@: about to teleport, immotile, heavily drained
A: fangs 1, strong nose, distributed training
a: Renounce Religion


You were on level 5 of the Dungeon.
You worshipped Okawaru.
Okawaru was noncommittal.
You visited 1 branch of the dungeon, and saw 7 of its levels.

You collected 296 gold pieces.

Inventory:

Hand Weapons
 a - a +0 hand axe of electrocution
 r - a +7 executioner's axe of draining (weapon)
 x - a +0 dagger of chaos
 E - a +0 shortbow
Missiles
 p - 5 atropa-tipped darts
Armour
 n - a +2 helmet (worn)
 y - a +2 leather armour of poison resistance (worn)
Magical Staves
 e - a staff of poison
 g - a staff of cold
 z - a staff of death
Jewellery
 u - a +4 ring of protection
Wands
 t - a wand of iceblast (10)
 w - a wand of light (11)
Scrolls
 f - 2 scrolls of immolation
 m - a scroll of torment
 o - 2 scrolls of teleportation
 q - 3 scrolls of poison {unknown}
 v - a scroll of fog {unknown}
 A - a scroll of vulnerability {unknown}
 D - a scroll of enchant armour {unknown}
 F - a scroll of magic mapping {unknown}
Potions
 b - 2 potions of magic
 c - a potion of resistance
 h - 2 potions of haste {unknown}
 i - 3 potions of mutation {unknown}
 k - 5 potions of curing {unknown}
 l - 2 potions of brilliance {unknown}
 s - a potion of flight
 B - a potion of invisibility {unknown}
 C - a potion of heal wounds {unknown}


   Skills:
 + Level 5.8 Fighting
 + Level 3.5 Short Blades
 + Level 3.5 Long Blades
 + Level 7.5 Axes
 + Level 3.5 Maces & Flails
 + Level 3.5 Polearms
 + Level 3.5 Staves
 + Level 3.5 Ranged Weapons
 + Level 3.5 Throwing
 + Level 3.5 Armour
 + Level 5.8 Dodging
 + Level 3.5 Stealth
 + Level 3.5 Shields
 + Level 3.5 Unarmed Combat
 + Level 6.2 Spellcasting
 + Level 6.2 Conjurations
 + Level 2.9 Hexes
 + Level 2.9 Summonings
 + Level 2.9 Necromancy
 + Level 2.9 Translocations
 + Level 2.9 Transmutations
 + Level 2.9 Fire Magic
 + Level 2.9 Ice Magic
 + Level 2.9 Air Magic
 + Level 2.9 Earth Magic
 + Level 2.9 Poison Magic
 + Level 3.9 Invocations
 + Level 3.5 Evocations


You had 9 spell levels left.
You knew the following spells:

 Your Spells              Type           Power      Damage    Failure   Level
a - Kiss of Death         Conj/Necr      60%        2d10      3%          1
b - Momentum Strike       Conj/Tloc      30%        3d8       4%          2
c - Hailstorm             Conj/Ice       15%        3d5       10%         3
d - Blink                 Tloc           22%        N/A       10%         2
e - Lesser Beckoning      Tloc           22%        N/A       10%         2

Your spell library contained the following spells:

 Spells                   Type           Power      Damage    Failure   Level
 Magic Dart               Conj           80%        1d7       1%          1
 Searing Ray              Conj           40%        2d5       2%          2
 Apportation              Tloc           22%        N/A       6%          1
 Freeze                   Ice            44%        1d6       6%          1
 Frozen Ramparts          Ice            22%        1d4       19%         3
 Ignite Poison            Fire/Tmut/Pois 11%        N/A       19%         3
 Fulminant Prism          Conj/Hex       7%         3d7       30%         4
 Sticky Flame             Conj/Fire      15%        2d4       30%         4
 Iskenderun's Battlesphe  Conj           20%        2d7       41%         5
 Alistair's Intoxication  Tmut/Pois      7%         N/A       86%         5
 Iron Shot                Conj/Erth      7%         9d2       99%         6
 Ignition                 Fire           5%         3d4       100%        8
 Spellforged Servitor     Conj/Summ      Unusable   N/A       N/A         7

Dungeon Overview and Level Annotations

Branches:
Dungeon (7/15)
 Temple: D:4-7

Altars:
Ashenzari
Dithmenos
Makhleb
Okawaru
Uskayaw
Xom


Innate Abilities, Weirdness & Mutations

You have very sharp teeth.
Your uncanny sense of smell can sniff out nearby items.
Your experience applies equally to all skills.


Message History

The steam dragon closely misses you. The steam dragon barely misses you.
You completely miss the steam dragon.
The steam dragon hisses angrily.
You bite the steam dragon, but do no damage.
The steam dragon is lightly wounded.
You are engulfed in a cloud of scalding steam.
The steam dragon breathes steam at you. The ball of steam hits you!
Casting: Hailstorm (dangerous; 10% risk of failure)
Confirm with . or Enter, or press ? or * to list all spells.
Aiming: Momentum Strike (safe; 4% risk of failure)
Press: ? - help, Dir - move target, f - steam dragon
Aim: a steam dragon (lightly wounded, catching its breath, 71% to hit)
The concentrated momentum hits the steam dragon.
The steam dragon is moderately wounded.
You are unable to move.
The steam dragon bites you but does no damage.
The steam dragon barely misses you.
You are too injured to fight recklessly!
As you read the scroll of teleportation, it crumbles to dust.
You feel strangely unstable. The steam dragon misses you.
The steam dragon barely misses you.
You slice the steam dragon!! You drain the steam dragon.
You kill the steam dragon!
Okawaru accepts your kill.
The steam dragon scales are intact enough to wear.
The steam dragon breathes steam at you. The ball of steam hits you!!
* * * LOW HITPOINT WARNING * * *
Casting: Momentum Strike (safe; 4% risk of failure)
Confirm with . or Enter, or press ? or * to list all spells.
Aiming: Kiss of Death (safe; 3% risk of failure)
Press: ? - help, Shift-Dir - straight line, f - steam dragon
Aim: a steam dragon (catching its breath, 100% to hit)
The negative energy hits the steam dragon!
The steam dragon is drained!
The steam dragon is heavily wounded.
You feel drained.
You are engulfed in a cloud of scalding steam.
You die...

#### #######... #.........
######.#####... #......#
##.# #.###########.. #.#
##.........
###########.###...#####.#
#......D@.§§§...#........
#.....§##...###...##.####
#P.P...#.#.## ##.......##
#~P~..≈#.#.# #.###....#
#^~..P##.#.# #.# #.....
##.P.P##.#.# #.# ##...#
#P..^##.#.# #.# ##.##
######~.~#....#####.# #.##
#....#...#.#......#[#####.##


You could see a steam dragon (catching breath, drained).

Vanquished Creatures
  A wyvern (D:6)
  A steam dragon (D:5)
  A water moccasin (D:7)
  A centaur (D:6)
  3 phantoms
  A howler monkey (D:4)
  4 crimson imps (D:3)
  2 hounds
  An orc priest (D:4)
  A jelly (D:5)
  A sleepcap (D:6)
  3 orc wizards
  An iguana (D:5)
  Robin (D:2)
  3 gnolls (D:5)
  5 adders
  A shadow imp (D:3)
  A white imp (D:5)
  A worm (D:4)
  4 dart slugs
  22 orcs
  5 bats
  4 endoplasms
  2 giant cockroaches (D:1)
  14 goblins
  6 hobgoblins
  6 jackals
  2 quokkas
  8 ball pythons
  A frilled lizard (D:3)
  7 kobolds
  3 rats
117 creatures vanquished.

Vanquished Creatures (others)
  A kobold (D:3)
1 creature vanquished.

Grand Total: 118 creatures vanquished

Notes
Turn   | Place    | Note
-------+----------+-------------------------------------------
     0 | D:1      | Karasuuu the Gnoll Reaver began the quest for the Orb.
     0 | D:1      | Reached XP level 1. HP: 20/20 MP: 6/6
   113 | D:1      | Reached XP level 2. HP: 26/26 MP: 7/7
   383 | D:1      | Reached skill level 5 in Spellcasting
   383 | D:1      | Reached XP level 3. HP: 29/31 MP: 7/9
   866 | D:2      | Noticed Robin
   867 | D:2      | Reached skill level 1 in Invocations
   880 | D:2      | Killed Robin
   881 | D:2      | Reached skill level 1 in Short Blades
   881 | D:2      | Reached skill level 1 in Long Blades
   881 | D:2      | Reached skill level 1 in Maces & Flails
   881 | D:2      | Reached skill level 1 in Polearms
   881 | D:2      | Reached skill level 1 in Staves
   881 | D:2      | Reached skill level 1 in Ranged Weapons
   881 | D:2      | Reached skill level 1 in Throwing
   881 | D:2      | Reached skill level 1 in Armour
   881 | D:2      | Reached skill level 1 in Stealth
   881 | D:2      | Reached skill level 1 in Shields
   881 | D:2      | Reached skill level 1 in Unarmed Combat
   881 | D:2      | Reached skill level 1 in Evocations
   934 | D:2      | Learned a level 2 spell: Momentum Strike
  1000 | D:2      | Reached XP level 4. HP: 38/38 MP: 11/11
  1060 | D:2      | Learned a level 3 spell: Hailstorm
  1615 | D:3      | Reached skill level 1 in Hexes
  1615 | D:3      | Reached skill level 1 in Summonings
  1615 | D:3      | Reached skill level 1 in Necromancy
  1615 | D:3      | Reached skill level 1 in Translocations
  1615 | D:3      | Reached skill level 1 in Transmutations
  1615 | D:3      | Reached skill level 1 in Fire Magic
  1615 | D:3      | Reached skill level 1 in Ice Magic
  1615 | D:3      | Reached skill level 1 in Air Magic
  1615 | D:3      | Reached skill level 1 in Earth Magic
  1615 | D:3      | Reached skill level 1 in Poison Magic
  1697 | D:3      | Learned a level 2 spell: Blink
  1759 | D:3      | Reached XP level 5. HP: 43/43 MP: 12/12
  2078 | D:3      | Found a shimmering altar of Xom.
  2119 | D:3      | Reached XP level 6. HP: 48/50 MP: 2/14
  2129 | D:3      | Reached skill level 5 in Fighting
  2129 | D:3      | Reached skill level 5 in Dodging
  2462 | D:4      | Found a burning altar of Makhleb.
  2881 | D:4      | Reached skill level 7 in Axes
  2881 | D:4      | Reached XP level 7. HP: 56/56 MP: 12/15
  2934 | D:4      | Found a broken altar of Ashenzari.
  3582 | D:5      | Entered Level 5 of the Dungeon
  4359 | D:5      | Noticed a steam dragon
  4375 | D:5      | You fall into a shaft and drop 2 floors!
  4760 | D:6      | Reached XP level 8. HP: 63/63 MP: 16/16
  4833 | D:6      | Found an iron altar of Okawaru.
  4846 | D:6      | Became a worshipper of Warmaster Okawaru
  4874 | D:6      | Identified a scroll of acquirement
  4916 | D:6      | Acquired a +2 executioner's axe of flaming
  4931 | D:6      | Found a hide-covered altar of Uskayaw.
  4993 | D:6      | Noticed a wyvern
  4998 | D:6      | Killed a wyvern
  5095 | D:6      | Found a shadowy altar of Dithmenos.
  5241 | D:5      | Learned a level 2 spell: Lesser Beckoning
  5331 | D:5      | HP: 2/64 [steam dragon/ball of steam (24)]
  5332 | D:5      | Engulfed by a steam dragon's steam

Illustrated notes

Levels and vault maps discovered:
D:1:      lightli_arrival_farm, layout_basic, st_stairs_6
D:2:      layout_loops_ring, uniq_robin
D:3:      wad_river_or_something, layout_basic, led_xom_imps
D:4:      layout_basic, ashenzari_conservatory_becter,
          mainiacjoe_overflow_small_starburst, chequers_serial_rivers_micro_a
D:5:      kennysheep_steamy, layout_loops_ring, nicolae_figureground_pulse
D:6:      layout_rooms, mainiacjoe_overflow_alcove_2, hangedman_feature_mirror
D:7:      layout_rooms, tso_oasis_becter, kennysheep_mini_moat,
          nicolae_overflow_hallway_of_the_gods, minmay_temple_entry_overgrown,
          kennysheep_generic_room_8

Skill      XL: |  1  2  3  4  5  6  7  8 |
---------------+-------------------------+-----
Spellcasting   | 5 6 |  6.2
Invocations    | 1 2 3 |  3.9
Short Blades   | 1 2 3 |  3.5
Long Blades    | 1 2 3 |  3.5
Maces & Flails | 1 2 3 |  3.5
Polearms       | 1 2 3 |  3.5
Staves         | 1 2 3 |  3.5
Ranged Weapons | 1 2 3 |  3.5
Throwing       | 1 2 3 |  3.5
Armour         | 1 2 3 |  3.5
Stealth        | 1 2 3 |  3.5
Shields        | 1 2 3 |  3.5
Unarmed Combat | 1 2 3 |  3.5
Evocations     | 1 2 3 |  3.5
Hexes          | 1 2 |  2.9
Summonings     | 1 2 |  2.9
Necromancy     | 1 2 |  2.9
Translocations | 1 2 |  2.9
Transmutations | 1 2 |  2.9
Fire Magic     | 1 2 |  2.9
Ice Magic      | 1 2 |  2.9
Air Magic      | 1 2 |  2.9
Earth Magic    | 1 2 |  2.9
Poison Magic   | 1 2 |  2.9
Fighting       | 5 |  5.8
Dodging        | 5 |  5.8
Axes           | 7 |  7.5
Conjurations   | 6 |  6.2

Action                     |  1- 3 |  4- 6 |  7- 9 || total
---------------------------+-------+-------+-------++-------
  Melee: Hand axe          |    94 |   129 |    98 ||   321
         Bite              |     7 |     9 |     9 ||    25
         Punch             |     2 |     1 |     3 ||     6
         Executioner's axe |       |       |     6 ||     6
  Throw: Dart              |       |       |     2 ||     2
   Cast: Momentum Strike   |       |    10 |     4 ||    14
         Blink             |       |     1 |       ||     1
         Hailstorm         |       |     4 |     4 ||     8
         Kiss of Death     |       |       |     1 ||     1
  Evoke: Wand              |       |       |     1 ||     1
    Use: Scroll            |       |     7 |    10 ||    17
   Stab: Sleeping          |     2 |     2 |     1 ||     5
         Distracted        |       |       |     1 ||     1
 Armour: Leather armour    |    19 |    46 |    41 ||   106
  Dodge: Dodged            |    55 |    57 |    61 ||   173
